 Dungeon Crawl Stone Soup version 0.31.0-9-g3a7656b989 (webtiles) character file.

Game seed: 3266203188071615854

1250 qw the Skirmisher (level 8, 0/40 HPs)
             Began as a Spriggan Hunter on Feb 2, 2024.
             Slain by a gnoll
             ... wielding a +0 spear
              (5 damage)
             ... on level 5 of the Dungeon.
             The game lasted 00:00:26 (4811 turns).

qw the Skirmisher (Spriggan Hunter)                 Turns: 4811, Time: 00:00:26

Health: 0/40       AC:  2    Str:  7      XL:     8   Next: 26%
Magic:  0/9        EV: 22    Int: 11      God:
Gold:   37         SH:  0    Dex: 18 (20) Spells: 7/7 levels left

rFire   . . .        a - +0 shortbow
rCold   . . .        (shield currently unavailable)
rNeg    + . .        c - +0 robe
rPois   .            (helmet restricted)
rElec   .            (no cloak)
rCorr   .            (gloves unavailable)
SInv    +            (boots unavailable)
Will    +....        b - amulet of guardian spirit
Stlth   ++           k - ring of positive energy
HPRegen 0.26/turn    (no ring)
MPRegen 0.11/turn

%: guardian spirit
@: very quick
A: very small, no large weapons, unfitting armour, see invisible, speed 3
a: no special abilities


You were on level 5 of the Dungeon.
You visited 1 branch of the dungeon, and saw 5 of its levels.

You collected 307 gold pieces.
You spent 270 gold pieces at shops.


Innate Abilities, Weirdness & Mutations

You are very small and have problems with some larger weapons.
You are too small for most types of armour.
You have supernaturally acute eyesight. (SInv)
You cover ground extremely quickly. (Speed+++)


   Skills:
 - Level 3.2 Fighting
 + Level 8.3 Ranged Weapons
 - Level 8.2 Dodging
 - Level 1.5 Stealth


You had 7 spell levels left.
You didn't know any spells.
Your spell library was empty.

Inventory:

Hand Weapons
 a - a +0 shortbow (weapon)
Armour
 c - a +0 robe (worn)
Jewellery
 b - an amulet of guardian spirit (around neck)
 k - a ring of positive energy (left hand)
Wands
 d - a wand of acid (11)
Potions
 e - a potion of enlightenment
 f - 4 potions of curing
 g - a potion of cancellation
 j - 2 potions of mutation

Dungeon Overview and Level Annotations

Branches:
Dungeon (5/15)
 Temple: D:4-7

Altars:
Elyvilon
Makhleb

Shops:
D:1 !   D:3 !   D:4 :?*!

Annotations:
D:4 Dowan, Duvessa
D:5 3 runed translucent doors, qw's ghost, amateur DjHu


Message History

The arrow completely misses the sleepcap.
You shoot an arrow.
The arrow hits the sleepcap but does no damage.
The sleepcap is lightly damaged.
You shoot an arrow. The arrow hits the sleepcap.
The sleepcap is moderately damaged.
You shoot an arrow. The arrow hits the sleepcap.
The sleepcap is heavily damaged.
The sleepcap releases spores at you.
You are engulfed in a cloud of soporific spores!
You fall asleep.
The sleepcap barely misses you. x3
The sleepcap releases spores at you!!
You wake up.
You are engulfed in a cloud of soporific spores!
You are unaffected.
You shoot an arrow. The arrow hits the sleepcap.
The sleepcap is heavily damaged.
The sleepcap releases spores at you. The gnoll completely misses you.
You shoot an arrow.
The arrow hits the sleepcap but does no damage.
The sleepcap is heavily damaged.
The sleepcap releases spores at you. The gnoll completely misses you.
You shoot an arrow.
The arrow hits the sleepcap but does no damage.
The sleepcap is heavily damaged.
The sleepcap completely misses you.
The gnoll hits you from afar with a +0 spear.
You shoot an arrow. The arrow hits the sleepcap.
The sleepcap is severely damaged.
The gnoll closely misses you. The sleepcap misses you.
You shoot an arrow. The arrow hits the sleepcap!
The sleepcap is almost destroyed.
The sleepcap releases spores at you. The gnoll barely misses you.
You shoot an arrow. The arrow hits the sleepcap.
You destroy the sleepcap!
The gnoll hits you from afar with a +0 spear!
You shoot an arrow. The arrow hits the gnoll!
The gnoll is severely wounded.
The gnoll hits you from afar with a +0 spear.
You die...

.......[......#
#+++##.#)....##
...... #
KKWK.##.#....#
...... .
K#.#.P#.##..##
....[.
K#K#.}#..####
#......
#K#.P##..#
....... ..#
##.## ....... [.
#..######gg.....
##....#.@#
#.......##
#......## #
##.(...## #
#......# # #
#.....## ####
##.....#
...####.....##
.#..........#


You could see 2 gnolls.

Vanquished Creatures
  A black bear (D:4)
  An ice beast (D:5)
  2 phantoms
  Blork the orc (D:5)
  A jelly (D:4)
  2 quasits (D:5)
  2 hounds (D:4)
  3 iron imps (D:3)
  A sleepcap (D:5)
  4 orc wizards
  Terence (D:3)
  4 iguanas
  11 gnolls
  8 adders
  A shadow imp (D:5)
  3 white imps (D:5)
  2 ufetubi (D:5)
  3 ribbon worms
  3 dart slugs
  8 orcs
  8 ball pythons
  5 bats
  11 endoplasms
  2 giant cockroaches
  12 goblins
  6 hobgoblins
  4 jackals
  6 quokkas
  4 frilled lizards
  10 kobolds
  6 rats
136 creatures vanquished.

Notes
Turn   | Place    | Note
-------+----------+-------------------------------------------
     0 | D:1      | qw the Spriggan Hunter began the quest for the Orb.
     0 | D:1      | Reached XP level 1. HP: 10/10 MP: 2/2
     0 | D:1      | 0 ||| qw: Version: 0.3-a-155-g5e7d8dd
     0 | D:1      | 0 ||| qw: Game counter: 24
     0 | D:1      | 0 ||| qw: Melee chars always use a shield: true
     0 | D:1      | 0 ||| qw: God list: Okawaru
     0 | D:1      | 0 ||| qw: Allow faded altars: false
     0 | D:1      | 0 ||| qw: Do Orc after clearing Dungeon:15 true
     0 | D:1      | 0 ||| qw: Do second Lair branch before Depths: true
     0 | D:1      | 0 ||| qw: Lair rune preference: random
     0 | D:1      | 0 ||| qw: Goals: Normal
     0 | D:1      | 0 ||| PLANNING D:1-11
    13 | D:1      | Reached skill level 3 in Dodging
   155 | D:1      | Reached XP level 2. HP: 13/14 MP: 3/3
   469 | D:1      | Reached XP level 3. HP: 18/18 MP: 4/4
   475 | D:1      | Found Fialeg's Distillery.
   483 | D:1      | 483 ||| SHOPLISTING potion of experience (700 gold, have
                  | 94).
   483 | D:1      | 483 ||| BUYING potion of heal wounds (70 gold).
   483 | D:1      | Bought a potion of heal wounds for 70 gold pieces
   483 | D:1      | 483 ||| SHOPLISTING potion of mutation (112 gold, have 24).
   761 | D:1      | 761 ||| READING 2 scrolls labelled ISUSODUL HOLU.
   761 | D:1      | 761 ||| IDENTIFYING bubbling cyan potion
   762 | D:1      | 762 ||| READING scroll of identify.
   762 | D:1      | 762 ||| IDENTIFYING white potion
   763 | D:1      | 763 ||| READING scroll labelled QEN AKEPHO.
   764 | D:1      | 764 ||| DROPPING scroll of butterflies.
  1294 | D:2      | Reached XP level 4. HP: 22/22 MP: 5/5
  1486 | D:2      | Identified the +4 whip "Dragon's Tongue" {flame, Str+3}
  1578 | D:2      | 1578 ||| UPGRADING to amulet of guardian spirit.
  1583 | D:2      | 1583 ||| UPGRADING to ring of positive energy.
  1584 | D:2      | 1584 ||| READING scroll of identify.
  1584 | D:2      | 1584 ||| IDENTIFYING murky yellow potion
  1585 | D:2      | 1585 ||| READING 2 scrolls labelled YCEKHA NITUWK.
  1586 | D:2      | 1586 ||| DRINKING 2 sedimented yellow potions.
  1614 | D:2      | 1614 ||| DROPPING scroll of fog.
  1615 | D:2      | 1615 ||| DROPPING potion of lignification.
  1644 | D:3      | Noticed Terence
  1660 | D:3      | Killed Terence
  1744 | D:3      | Reached XP level 5. HP: 21/26 MP: 4/6
  1922 | D:3      | Noticed a phantom
  1923 | D:3      | 1923 ||| DRINKING potion of haste.
  1937 | D:3      | Killed a phantom
  2041 | D:3      | Reached skill level 6 in Ranged Weapons
  2069 | D:3      | Found Dyfrusitz's Distillery.
  2074 | D:3      | 2074 ||| BUYING potion of curing (42 gold).
  2074 | D:3      | Bought a potion of curing for 42 gold pieces
  2074 | D:3      | 2074 ||| BUYING potion of curing (42 gold).
  2074 | D:3      | Bought a potion of curing for 42 gold pieces
  2074 | D:3      | 2074 ||| SHOPLISTING potion of heal wounds (70 gold, have
                  | 51).
  2074 | D:3      | 2074 ||| SHOPLISTING potion of might (56 gold, have 51).
  2306 | D:3      | Reached XP level 6. HP: 30/30 MP: 7/7
  2431 | D:3      | Found a burning altar of Makhleb.
  2455 | D:3      | Reached skill level 6 in Dodging
  2488 | D:3      | 2488 ||| DROPPING amulet of magic regeneration.
  2579 | D:4      | 2579 ||| FLEEEEING.
  2638 | D:4      | 2638 ||| READING scroll of identify.
  2638 | D:4      | 2638 ||| IDENTIFYING bubbling silvery potion
  2666 | D:4      | Reached XP level 7. HP: 28/35 MP: 5/8
  2700 | D:4      | 2700 ||| FLEEEEING.
  2701 | D:4      | 2701 ||| FLEEEEING.
  2702 | D:4      | 2702 ||| FLEEEEING.
  2703 | D:4      | 2703 ||| FLEEEEING.
  2704 | D:4      | 2704 ||| FLEEEEING.
  2705 | D:4      | 2705 ||| FLEEEEING.
  2706 | D:4      | 2706 ||| FLEEEEING.
  2707 | D:4      | 2707 ||| FLEEEEING.
  2708 | D:4      | 2708 ||| FLEEEEING.
  2709 | D:4      | 2709 ||| FLEEEEING.
  2710 | D:4      | 2710 ||| FLEEEEING.
  2713 | D:4      | 2713 ||| FLEEEEING.
  2714 | D:4      | 2714 ||| FLEEEEING.
  2715 | D:4      | 2715 ||| FLEEEEING.
  2716 | D:4      | 2716 ||| FLEEEEING.
  2717 | D:4      | 2717 ||| FLEEEEING.
  2718 | D:4      | 2718 ||| FLEEEEING.
  2719 | D:4      | 2719 ||| FLEEEEING.
  2720 | D:4      | 2720 ||| FLEEEEING.
  2721 | D:4      | 2721 ||| FLEEEEING.
  2722 | D:4      | 2722 ||| FLEEEEING.
  2723 | D:4      | 2723 ||| FLEEEEING.
  2724 | D:4      | 2724 ||| FLEEEEING.
  2725 | D:4      | 2725 ||| FLEEEEING.
  2726 | D:4      | 2726 ||| FLEEEEING.
  2727 | D:4      | 2727 ||| FLEEEEING.
  2728 | D:4      | 2728 ||| FLEEEEING.
  2729 | D:4      | 2729 ||| FLEEEEING.
  2730 | D:4      | 2730 ||| FLEEEEING.
  2731 | D:4      | 2731 ||| FLEEEEING.
  2740 | D:4      | 2740 ||| FLEEEEING.
  2741 | D:4      | 2741 ||| FLEEEEING.
  2742 | D:4      | 2742 ||| STAIRDANCE
  2778 | D:4      | 2778 ||| STAIRDANCE
  2900 | D:4      | Found a white marble altar of Elyvilon.
  2957 | D:4      | 2957 ||| RETREEEEATING.
  2958 | D:4      | 2958 ||| FLEEEEING.
  2966 | D:4      | 2966 ||| DRINKING 3 potions of curing.
  2966 | D:4      | 2966 ||| (to cure confusion)
  3006 | D:4      | 3006 ||| FLEEEEING.
  3007 | D:4      | 3007 ||| FLEEEEING.
  3008 | D:4      | 3008 ||| FLEEEEING.
  3009 | D:4      | 3009 ||| FLEEEEING.
  3010 | D:4      | 3010 ||| FLEEEEING.
  3011 | D:4      | 3011 ||| FLEEEEING.
  3012 | D:4      | 3012 ||| FLEEEEING.
  3013 | D:4      | 3013 ||| FLEEEEING.
  3015 | D:4      | 3015 ||| FLEEEEING.
  3016 | D:4      | 3016 ||| FLEEEEING.
  3018 | D:4      | 3018 ||| FLEEEEING.
  3019 | D:4      | 3019 ||| FLEEEEING.
  3216 | D:4      | Found Eruogall's Book Shoppe.
  3265 | D:4      | Found Acevur's General Store.
  3266 | D:4      | Found Awoad's Magic Scroll Emporium.
  3267 | D:4      | Found Jaemuo's Distillery.
  3273 | D:4      | 3273 ||| SHOPLISTING 2 scrolls of enchant weapon (210 gold,
                  | have 117).
  3273 | D:4      | 3273 ||| BUYING scroll of identify (28 gold).
  3273 | D:4      | Bought a scroll of identify for 28 gold pieces
  3273 | D:4      | 3273 ||| BUYING scroll of identify (28 gold).
  3273 | D:4      | Bought a scroll of identify for 28 gold pieces
  3273 | D:4      | 3273 ||| SHOPLISTING wand of flame (11) (107 gold, have
                  | 61).
  3477 | D:4      | 3477 ||| READING 3 scrolls of identify.
  3477 | D:4      | 3477 ||| IDENTIFYING murky cyan potion
  3478 | D:4      | 3478 ||| READING 2 scrolls of identify.
  3478 | D:4      | 3478 ||| IDENTIFYING fuming cyan potion
  3479 | D:4      | 3479 ||| READING scroll of identify.
  3479 | D:4      | 3479 ||| IDENTIFYING scroll labelled BOOLEZU QAEHEFF
  3480 | D:4      | 3480 ||| READING 2 scrolls labelled SAC DENOUQ.
  3485 | D:4      | 3485 ||| READING scroll labelled ICUINN XAEZ.
  3586 | D:4      | 3586 ||| DROPPING scroll of amnesia.
  3587 | D:4      | 3587 ||| DROPPING potion of attraction.
  3588 | D:4      | 3588 ||| DROPPING potion of magic.
  3849 | D:4      | 3849 ||| BUYING 2 potions of curing (60 gold).
  3849 | D:4      | Bought 2 potions of curing for 60 gold pieces
  3849 | D:4      | 3849 ||| SHOPLISTING potion of curing (30 gold, have 25).
  3849 | D:4      | 3849 ||| SHOPLISTING potion of heal wounds (50 gold, have
                  | 25).
  3849 | D:4      | 3849 ||| SHOPLISTING potion of might (40 gold, have 25).
  3849 | D:4      | 3849 ||| SHOPLISTING potion of mutation (80 gold, have 25).
  3927 | D:5      | Entered Level 5 of the Dungeon
  3927 | D:5      | Noticed Duvessa
  3927 | D:5      | Noticed Dowan
  3931 | D:5      | 3931 ||| STAIRDANCE
  3994 | D:5      | 3994 ||| STAIRDANCE
  3999 | D:5      | 3999 ||| STAIRDANCE
  3999 | D:5      | HP: 7/35 [Dowan/+0 dagger of protection (3)]
  4001 | D:4      | 4001 ||| READING scroll of teleportation.
  4001 | D:4      | HP: 3/35 [Duvessa/+3 short sword of speed (3)]
  4002 | D:4      | 4002 ||| DRINKING 2 potions of heal wounds.
  4003 | D:4      | 4003 ||| RETREEEEATING.
  4004 | D:4      | 4004 ||| RETREEEEATING.
  4005 | D:4      | 4005 ||| RETREEEEATING.
  4006 | D:4      | 4006 ||| DRINKING potion of heal wounds.
  4095 | D:4      | 4095 ||| SHOPLISTING scroll of brand weapon (123 gold, have
                  | 25).
  4095 | D:4      | 4095 ||| SHOPLISTING scroll of teleportation (39 gold, have
                  | 25).
  4134 | D:5      | 4134 ||| FLEEEEING.
  4135 | D:5      | 4135 ||| FLEEEEING.
  4136 | D:5      | 4136 ||| FLEEEEING.
  4137 | D:5      | 4137 ||| FLEEEEING.
  4139 | D:5      | 4139 ||| FLEEEEING.
  4140 | D:5      | 4140 ||| FLEEEEING.
  4141 | D:5      | 4141 ||| FLEEEEING.
  4145 | D:5      | 4145 ||| FLEEEEING.
  4175 | D:5      | 4175 ||| FLEEEEING.
  4176 | D:5      | 4176 ||| FLEEEEING.
  4177 | D:5      | 4177 ||| FLEEEEING.
  4178 | D:5      | 4178 ||| FLEEEEING.
  4179 | D:5      | 4179 ||| FLEEEEING.
  4180 | D:5      | 4180 ||| FLEEEEING.
  4181 | D:5      | 4181 ||| FLEEEEING.
  4204 | D:5      | 4204 ||| FLEEEEING.
  4207 | D:5      | 4207 ||| FLEEEEING.
  4208 | D:5      | 4208 ||| FLEEEEING.
  4219 | D:5      | 4219 ||| FLEEEEING.
  4222 | D:5      | 4222 ||| FLEEEEING.
  4368 | D:5      | Found a runed translucent gate.
  4368 | D:5      | Found a runed translucent gate.
  4368 | D:5      | Found a runed translucent gate.
  4368 | D:5      | Noticed Blork the orc
  4384 | D:5      | Killed Blork the orc
  4385 | D:5      | Reached skill level 3 in Fighting
  4385 | D:5      | Reached XP level 8. HP: 24/40 MP: 4/9
  4446 | D:5      | Noticed qw's ghost (amateur DjHu)
  4512 | D:5      | 4512 ||| FLEEEEING.
  4513 | D:5      | 4513 ||| FLEEEEING.
  4514 | D:5      | 4514 ||| FLEEEEING.
  4809 | D:5      | HP: 10/40 [sleepcap (3)]
  4810 | D:5      | HP: 4/40 [gnoll/+0 spear (6)]
  4811 | D:5      | Slain by a gnoll

Levels and vault maps discovered:
D:1:      minmay_arrival_three_doors, layout_basic, serial_shops, shop,
          serial_forest, infiniplex_forest_lined_room_3,
          infiniplex_forest_zigzag_1, infiniplex_forest_clump_double,
          infiniplex_forest_clump_small, infiniplex_forest_lined_room_3,
          infiniplex_forest_clump_curved, infiniplex_forest_split,
          infiniplex_forest_3_way
D:2:      layout_loops_corners, minmay_tetromino_o2
D:3:      layout_basic, demons_altar, serial_shops, shop, uniq_terence
D:4:      layout_loops_cross, elyvilon_altar_4, serial_shops,
          nicolae_shop_rolling_square, nicolae_shop_distant_corner_stores,
          nicolae_kite_square_tiling_tiny
D:5:      layout_cave_pods, serial_demonic, serial_demonic_b, serial_demonic_g,
          serial_demonic_a, serial_demonic_b, gammafunk_ghost_nasty_kobolds,
          uniq_duvessa, uniq_blork_the_orc, uniq_crazy_yiuf_cottage

Skill      XL: |  1  2  3  4  5  6  7  8 |
---------------+-------------------------+-----
Dodging        | 3 4 5 6 7 8 |  8.2
Ranged Weapons | 5 6 7 8 |  8.3
Fighting       | 2 3 |  3.2
Stealth        | |  1.5

Action                     |  1- 3 |  4- 6 |  7- 9 || total
---------------------------+-------+-------+-------++-------
   Fire: Shortbow          |   104 |   196 |   255 ||   555
    Use: Scroll            |     3 |     3 |     6 ||    12
         Potion            |       |     2 |     3 ||     5
 Armour: Robe              |     7 |    19 |    72 ||    98
  Dodge: Dodged            |    28 |    72 |   219 ||   319

Table legend:
 A = Non-vault XP
 B = Vault XP
 C = Vault XP percentage of total XP
 D = Non-vault monster count
 E = Vault monster count
 F = Vault count percentage of total count
                 A         B        C        D         E       F
            +---------+---------+-------+---------+---------+-------
      Total |    1375 |     411 |  23.0 |     121 |      15 |  11.0
            +---------+---------+-------+---------+---------+-------
        D:1 |      53 |       0 |   0.0 |      30 |       0 |   0.0
        D:2 |      76 |       4 |   5.0 |      21 |       2 |   8.7
        D:3 |     214 |     159 |  42.6 |      22 |       4 |  15.4
        D:4 |     680 |       0 |   0.0 |      35 |       0 |   0.0
        D:5 |     352 |     248 |  41.3 |      13 |       9 |  40.9
            +---------+---------+-------+---------+---------+-------
